 Dungeon Crawl Stone Soup version 0.18.1-2-ga659475 (webtiles) character file.

50 Implojin the Insei (level 3, 0/29 HPs)
             Began as a Mummy Monk on May 8, 2016.
             Slain by an adder (2 damage)
             ... on level 2 of the Dungeon.
             The game lasted 00:03:42 (2663 turns).

Implojin the Insei (Mummy Monk)                     Turns: 2663, Time: 00:03:42

Health: 0/29       AC:  0    Str: 14    XL:     3   Next: 55%
Magic:  3/3        EV: 10    Int:  9    God:
Gold:   93         SH:  7    Dex: 15    Spells: 0 memorised, 2 levels left

rFire  x . .     SeeInvis .       - Unarmed
rCold  + . .     Gourm    .     (no armour)
rNeg   + + +     Faith    .     c - +0 shield (curse) {interesting}
rPois  ∞         Spirit   .     (no helmet)
rElec  .         Dismiss  .     (no cloak)
rCorr  .         Reflect  .     (no gloves)
SustAt .         Harm     .     (no boots)
MR     .....                    (no amulet)
Stlth  ++........               (no ring)
                                (no ring)

@: not resistant to hostile enchantments, unstealthy
A: no food or potions, fire vulnerability, cold resistance 1, negative energy
resistance 3, torment resistance, unbreathing
a: no special abilities


You were on level 2 of the Dungeon.
You were not hungry.

You visited 1 branch of the dungeon, and saw 2 of its levels.

You collected 93 gold pieces.

Inventory:

Armour
 c - a cursed +0 shield (worn) {interesting}
Jewellery
 f - an uncursed amulet of rage {unknown}
Scrolls
 a - 2 scrolls of identify {unknown}
 b - a scroll of random uselessness {unknown}
 d - a scroll of enchant armour {unknown}
 e - a scroll of enchant weapon {unknown}


   Skills:
 - Level 3.0 Fighting
 - Level 2.4 Dodging
 - Level 1.5 Stealth
 * Level 4.4 Unarmed Combat


You had 2 spell levels left.
You didn't know any spells.

Dungeon Overview and Level Annotations

Branches:
Dungeon (2/15)

Altars:


Innate Abilities, Weirdness & Mutations

You do not eat or drink.
Your flesh is vulnerable to fire.
You are immune to poison.
Your flesh is cold resistant.
You are immune to negative energy.
You are immune to unholy pain and torment.
You can survive without breathing.


Message History

The adder is heavily wounded.
The adder closely misses you.
You closely miss the adder.
The adder is heavily wounded.
The adder barely misses you.
You barely miss the adder.
The adder is heavily wounded.
You block the adder's attack. The adder bites you.
Your shield prevents you from hitting the adder.
The adder is heavily wounded.
The adder bites you.
You miss the adder.
The adder is heavily wounded.
The adder bites you. You block the adder's attack.
Your shield prevents you from hitting the adder.
The adder is heavily wounded.
You block the adder's attack.
You miss the adder.
The adder is heavily wounded.
The adder bites you.
* * * LOW HITPOINT WARNING * * *
You closely miss the adder.
The adder is heavily wounded.
The adder bites you.
* * * LOW HITPOINT WARNING * * *
The adder bites you.
* * * LOW HITPOINT WARNING * * *
You hit the adder.
The adder is almost dead.
The adder bites you.
* * * LOW HITPOINT WARNING * * *
You closely miss the adder.
The adder is almost dead.
The adder bites you.
* * * LOW HITPOINT WARNING * * *
Enter note: pls You miss the adder.
The adder is almost dead.
The adder bites you.
You die...

♣♣♣ ♣♣♣..♣♣ ..)♣
♣♣♣♣....♣ .(..
♣♣♣.....♣♣♣ ....♣♣♣
♣♣....♣♣♣♣ ..g...♣
♣♣♣♣...♣♣♣ ♣.♣
♣.♣♣♣♣....♣♣♣ ♣.♣♣
♣.....♣♣♣♣ ♣♣.♣♣♣
♣♣♣♣...♣ ♣♣..♣♣♣
♣♣@..♣♣♣♣♣♣♣
♣♣♣..♣♣♣
♣.S†.......♣
♣♣♣..♣♣♣..♣♣♣♣♣♣♣...
## ♣♣♣....♣♣ .###
♣♣♣♣♣♣ ....# #.#..
...... #..#..


You could see an adder.

Vanquished Creatures
  2 dart slugs
  2 giant geckos
  A ball python (D:1)
  5 giant cockroaches (D:1)
  6 goblins (D:1)
  3 hobgoblins (D:1)
  4 jackals (D:2)
  6 kobolds
  2 bats (D:1)
  3 giant newts (D:1)
  4 rats (D:1)
38 creatures vanquished.

Notes
Turn   | Place    | Note
--------------------------------------------------------------
     0 | D:1      | Implojin the Mummy Monk began the quest for the Orb.
     0 | D:1      | Reached XP level 1. HP: 18/18 MP: 1/1
   292 | D:1      | Reached XP level 2. HP: 20/24 MP: 2/2
   942 | D:1      | Reached skill level 4 in Unarmed Combat
  1417 | D:1      | Reached XP level 3. HP: 14/29 MP: 3/3
  2663 | D:2      | pls
  2663 | D:2      | Slain by an adder

Skill      XL: |  1  2 |
---------------+-------+-----
Unarmed Combat | 4 |  4.4
Fighting       | |  3.0
Dodging        | |  2.4
Stealth        | |  1.5

Action                   || total
-------------------------++-------
Melee: Unarmed           ||   132
       Punch             ||     3
 Stab: Sleeping          ||     5
Dodge: Dodged            ||    55
Block: Shield            ||    19

Table legend:
 A = Turns spent in this place as a percentage of turns spent in the entire game.
 B = Non-inter-level travel turns spent in this place as a percentage of non-inter-level travel turns spent in the entire game.
 C = Inter-level travel turns spent in this place as a percentage of turns spent in this place.
 D = Turns resting spent in this place as a percentage of non-inter-level travel turns spent in this place.
 E = Turns spent auto-exploring this place as a percentage of non-inter-level travel turns spent in this place.
 F = Non-inter-level travel turns spent in this place divided by the number of levels of this place that you've seen.
                   A       B       C       D       E      F
               +-------+-------+-------+-------+-------+----------------------
         Total | 100.0 | 100.0 |   0.3 |   6.1 |   5.7 | 360.5
       Dungeon | 100.0 | 100.0 |   0.3 |   6.1 |   5.7 | 360.5
               +-------+-------+-------+-------+-------+----------------------

Table legend:
 A = Kills in this place as a percentage of kills in entire the game.
 B = Kills by you in this place as a percentage of kills by you in the entire game.
 C = Kills by friends in this place as a percentage of kills by friends in the entire game.
 D = Other kills in this place as a percentage of other kills in the entire game.
 E = Experience gained in this place as a percentage of experience gained in the entire game.
 F = Experience gained in this place divided by the number of levels of this place that you have seen.
                   A       B       C       D       E      F
               +-------+-------+-------+-------+-------+----------------------
         Total | 100.0 | 100.0 |  -nan |  -nan | 100.0 |  36.0
       Dungeon | 100.0 | 100.0 |  -nan |  -nan | 100.0 |  36.0
               +-------+-------+-------+-------+-------+----------------------
